Flyers vs Flames
Created - June 1, 2022 at 21:08
Goals
|
Flyers |
3 |
2 |
1 |
6 |
Flames |
0 |
0 |
2 |
2 |
|
Shots
|
Flyers |
11 |
12 |
11 |
34 |
Flames |
6 |
7 |
17 |
30 |
|
1st period
1. Flyers , Niclas Bergfors 16 (Drew Miller 25, Jeff Carter 26) at 0:36
2. Flyers , Travis Zajac 12 (Chris Mcallister 10) at 17:18
3. Flyers , Matt Smaby 3 (J.T. Miller 43, Jakub Voracek 48) at 18:59 (PP)
Penalties :
Christian Folin (Cal) for Hooking (Minor) at 11:07, Alexander Semin (Cal) for Hooking (Minor) at 18:46
2nd period
4. Flyers , Niclas Bergfors 17 (Jeff Carter 27, Drew Miller 26) at 16:23 (PP)
5. Flyers , Travis Zajac 13 (Chris Mcallister 11, Jacob Trouba 20) at 19:29
Penalties :
Jeff Carter (Phi) for Holding (Minor) at 1:04, Erik Johnson (Cal) for Elbowing (Minor) at 14:53, Eric Staal (Cal) for Goalie Interference (Minor) at 16:38
3rd period
6. Flames , Esa Lindell 1 (David Backes 55, Eric Staal 49) at 2:17
7. Flyers , Jakub Voracek 32 (J.T. Miller 44, Jacob Trouba 21) at 3:53
8. Flames , David Backes 34 (Esa Lindell 22, Alexander Semin 34) at 4:22
Penalties :
Eric Staal (Cal) for Fighting (Major) at 2:54, Jordan Nolan (Phi) for Fighting (Major) at 2:54, Jeff Woywitka (Phi) for Roughing (Minor) at 4:31, Jimmy Hayes (Cal) for Tripping (Minor) at 11:22, Jacob Trouba (Phi) for Hooking (Minor) at 13:09, Chris Mcallister (Phi) for Unsportsmanlike conduct (Minor) at 16:07
Goalie Stats
Steve Mason (Phi), 28 saves from 30 shots - (0.933), W, 27-15-2, 60:00 minutes
Christopher Gibson (Cal), 10 saves from 11 shots - (0.909), 20:31 minutes
Henrik Lundqvist (Cal), 18 saves from 23 shots - (0.783), L, 33-18-5, 39:29 minutes
Players Stats for Flyers
Player Name G A P +/- PIM S H SB GA TA FO MP PP MP PK MP
------------------------------------------------------------------------------------
Brian Lashoff 0 0 0 1 0 0 0 1 0 0 0/0 12:55 0:00 2:20
Brock Nelson 0 0 0 0 0 1 1 1 0 0 1/1 8:15 0:00 2:09
Chris Mcallister 0 2 2 2 2 0 0 0 1 2 0/0 11:43 0:00 2:03
Drew Miller 0 2 2 0 0 4 3 1 1 0 0/0 16:29 3:16 0:14
J.T. Miller 0 2 2 0 0 4 1 2 1 1 2/8 23:41 4:12 3:56
Jacob Trouba 0 2 2 2 2 2 0 0 1 0 0/0 28:00 3:40 3:36
Jakub Voracek 1 1 2 0 0 4 1 0 1 0 1/1 21:05 4:12 1:32
Jeff Carter 0 2 2 0 2 2 5 0 0 0 6/11 19:04 3:16 2:13
Jeff Woywitka 0 0 0 2 2 0 0 3 0 2 0/0 27:52 3:41 3:30
Jonathan Ericsson 0 0 0 1 0 0 0 1 0 0 0/0 10:54 0:00 0:14
Jordan Nolan 0 0 0 0 5 5 2 0 0 0 18/30 21:21 4:12 2:42
Marcus Kruger 0 0 0 2 0 1 2 0 1 0 0/0 9:33 0:00 0:00
Matt Smaby 1 0 1 -1 0 2 0 0 0 0 0/0 20:36 3:47 2:54
Matthew Lombardi 0 0 0 0 0 0 1 0 0 0 2/4 6:56 0:00 0:39
Nathan Beaulieu 0 0 0 -1 0 2 1 0 0 1 0/0 20:36 3:47 2:54
Niclas Bergfors 2 0 2 0 0 3 0 0 1 0 2/3 16:04 3:16 0:00
Travis Zajac 2 0 2 2 0 4 1 0 0 0 4/12 11:08 0:00 0:00
Tyler Randell 0 0 0 0 0 0 0 0 0 0 0/0 5:47 0:00 0:00
Players Stats for Flames
Player Name G A P +/- PIM S H SB GA TA FO MP PP MP PK MP
------------------------------------------------------------------------------------
Alexander Semin 0 1 1 0 2 2 3 0 0 0 0/1 22:00 4:15 1:10
Anders Lee 0 0 0 0 0 0 1 0 0 0 0/0 8:26 0:19 0:41
Brad Marchand 0 0 0 -1 0 2 2 1 0 0 0/2 13:35 0:08 0:43
Brendan Mikkelson 0 0 0 1 0 0 0 0 0 2 0/0 23:20 3:02 4:30
Bryan Rust 0 0 0 -1 0 0 1 1 0 1 4/5 14:17 0:08 4:22
Christian Folin 0 0 0 -1 2 0 0 1 0 1 0/0 14:00 0:00 3:16
Colby Robak 0 0 0 -1 0 2 1 1 0 0 0/0 13:55 0:00 3:05
Colin Wilson 0 0 0 -1 0 0 0 0 0 0 3/3 8:53 0:41 0:00
David Backes 1 1 2 0 0 4 1 1 1 0 2/2 20:27 4:10 0:00
David Ullstrom 0 0 0 0 0 1 0 0 0 0 1/1 7:26 0:00 0:00
Eric Staal 0 1 1 0 7 3 0 1 0 0 12/32 18:50 2:54 1:15
Erik Johnson 0 0 0 -2 2 1 0 2 4 1 0/0 27:13 4:42 3:13
Esa Lindell 1 1 2 1 0 2 1 0 0 0 0/0 18:21 3:02 0:40
Jimmy Hayes 0 0 0 -1 2 3 1 0 1 0 1/2 16:15 3:35 0:00
Kyle Palmieri 0 0 0 0 0 5 0 2 0 1 0/0 10:00 0:00 2:23
Patrik Berglund 0 0 0 -1 0 2 1 1 0 0 10/21 20:25 3:21 4:22
Sami Vatanen 0 0 0 -2 0 1 1 1 0 1 0/0 23:20 4:42 0:12
Tanner Pearson 0 0 0 -1 0 2 2 0 0 0 1/1 11:31 3:41 0:00
3 Stars
1 - Travis Zajac (Phi)
2 - Niclas Bergfors (Phi)
3 - Jakub Voracek (Phi)
Power Play
Flyers - 2 on 5 Attempt(s) - 40.00%
Flames - 0 on 4 Attempt(s) - 0.00%
Penalty Kill
Flyers - 4 on 4 Attempt(s) - 100.00%
- Score 0 goal in Penalty Kill
Flames - 3 on 5 Attempt(s) - 60.00%
- Score 0 goal in Penalty Kill
Team Stat
Flyers - Hits : 18 - Faceoff Wins : 36 - Blocked Shots : 9 - Penalty Minutes : 13
Flames - Hits : 15 - Faceoff Wins : 34 - Blocked Shots : 12 - Penalty Minutes : 15
Official
Referees : Michael Markovic and Dean Morton
Linesman : Matt MacPherson and Travis Toomey
Game Notes
Christopher Gibson enters game at 19:29 of 2nd period
Jordan Nolan beats up Eric Staal at 2:54 of 3rd period
Finance
Level 1 -- Attendance: 5684 (94.73%) -- Ticket Income $568,400
Level 2 -- Attendance: 4746 (94.92%) -- Ticket Income $284,760
Level 3 -- Attendance: 2000 (100.00%) -- Ticket Income $70,000
Level 4 -- Attendance: 4000 (100.00%) -- Ticket Income $100,000
Luxury Box -- Attendance: 1000 (100.00%) -- Ticket Income $200,000
Game was played at the Scotiabank Saddledome.
Total Attendance: 17430 (96.83%)
Total Ticket Income: $1,223,160
Other Income: $183,474
Total Income: $1,406,634
Flyers
5 vs 5 Forward
Center Left Wing Right Wing Time % Phy DF OF
1 Jordan Nolan J.T. Miller Jakub Voracek 40 1 2 2
2 Jeff Carter Drew Miller Niclas Bergfors 30 1 2 2
3 Travis Zajac Chris Mcallister Marcus Kruger 20 1 2 2
4 Matthew Lombardi Brock Nelson Tyler Randell 10 1 2 2
5 vs 5 Defense
Defense Defense Time % Phy DF OF
1 Jacob Trouba Jeff Woywitka 40 1 2 2
2 Matt Smaby Nathan Beaulieu 30 1 2 2
3 Jonathan Ericsson Brian Lashoff 20 1 2 2
4 Jacob Trouba Jeff Woywitka 10 1 2 2
PowerPlay Forward
Center Left Wing Right Wing Time % Phy DF OF
1 Jordan Nolan J.T. Miller Jakub Voracek 60 1 2 2
2 Jeff Carter Drew Miller Niclas Bergfors 40 1 2 2
PowerPlay Defense
Defense Defense Time % Phy DF OF
1 Jacob Trouba Jeff Woywitka 60 1 2 2
2 Matt Smaby Nathan Beaulieu 40 1 2 2
Penalty Kill 4 Players Forward
Center Wing Time % Phy DF OF
1 J.T. Miller Jordan Nolan 60 1 2 2
2 Jeff Carter Jakub Voracek 40 1 2 2
Penalty Kill 4 Players Defense
Defense Defense Time % Phy DF OF
1 Jacob Trouba Jeff Woywitka 60 1 2 2
2 Matt Smaby Nathan Beaulieu 40 1 2 2
Penalty Kill - 3 Players Forward
Forward Time % Phy DF OF
1 J.T. Miller 60 1 2 2
2 Jordan Nolan 40 1 2 2
Penalty Kill - 3 Players Defense
Defense Defense Time % Phy DF OF
1 Jacob Trouba Jeff Woywitka 60 1 2 2
2 Matt Smaby Nathan Beaulieu 40 1 2 2
4 vs 4 Forward
Center Wing Time % Phy DF OF
1 J.T. Miller Jordan Nolan 60 1 2 2
2 Jeff Carter Jakub Voracek 40 1 2 2
4 vs 4 Defense
Defense Defense Time % Phy DF OF
1 Jacob Trouba Jeff Woywitka 60 1 2 2
2 Matt Smaby Nathan Beaulieu 40 1 2 2
Last Minutes Offensive
Center Left Wing Right Wing Defense Defense
Jordan Nolan J.T. Miller Jakub Voracek Jacob Trouba Jeff Woywitka
Last Minutes Defensive
Center Left Wing Right Wing Defense Defense
Jordan Nolan J.T. Miller Jakub Voracek Jacob Trouba Jeff Woywitka
Goaltenders
Starting : Steve Mason
Backup : Ilya Sorokin
Extra Forwards
Normal : Travis Zajac, Marcus Kruger, Chris Mcallister - PP : Travis Zajac, Marcus Kruger - PK : Chris Mcallister
Extra Defensemen
Normal : Jonathan Ericsson, Brian Lashoff, Matt Smaby - PP : Jonathan Ericsson - PK : Brian Lashoff, Matt Smaby
Penalty Shots
J.T. Miller, Jordan Nolan, Jeff Carter, Jakub Voracek, Drew Miller
Scratches
Dylan Olsen (Healthy), Tomas Kubalik (Healthy)
Flames
5 vs 5 Forward
Center Left Wing Right Wing Time % Phy DF OF
1 Eric Staal Alexander Semin David Backes 40 1 2 2
2 Patrik Berglund Brad Marchand Jimmy Hayes 30 1 2 2
3 Colin Wilson Tanner Pearson Bryan Rust 20 1 2 2
4 Anders Lee David Ullstrom Kyle Palmieri 10 1 2 2
5 vs 5 Defense
Defense Defense Time % Phy DF OF
1 Erik Johnson Sami Vatanen 40 1 2 2
2 Esa Lindell Brendan Mikkelson 31 1 2 2
3 Colby Robak Christian Folin 22 1 2 2
4 Erik Johnson Brendan Mikkelson 7 1 2 2
PowerPlay Forward
Center Left Wing Right Wing Time % Phy DF OF
1 Eric Staal Alexander Semin David Backes 60 1 1 3
2 Patrik Berglund Tanner Pearson Jimmy Hayes 40 1 2 2
PowerPlay Defense
Defense Defense Time % Phy DF OF
1 Erik Johnson Sami Vatanen 60 1 1 3
2 Esa Lindell Brendan Mikkelson 40 1 2 2
Penalty Kill 4 Players Forward
Center Wing Time % Phy DF OF
1 Patrik Berglund Bryan Rust 60 1 2 2
2 Eric Staal Kyle Palmieri 40 1 2 2
Penalty Kill 4 Players Defense
Defense Defense Time % Phy DF OF
1 Erik Johnson Brendan Mikkelson 60 1 2 2
2 Colby Robak Christian Folin 40 1 2 2
Penalty Kill - 3 Players Forward
Forward Time % Phy DF OF
1 Eric Staal 60 1 2 2
2 Patrik Berglund 40 1 2 2
Penalty Kill - 3 Players Defense
Defense Defense Time % Phy DF OF
1 Erik Johnson Brendan Mikkelson 60 1 2 2
2 Colby Robak Christian Folin 40 1 2 2
4 vs 4 Forward
Center Wing Time % Phy DF OF
1 Patrik Berglund David Backes 60 1 2 2
2 Eric Staal Alexander Semin 40 1 2 2
4 vs 4 Defense
Defense Defense Time % Phy DF OF
1 Erik Johnson Sami Vatanen 60 1 2 2
2 Esa Lindell Brendan Mikkelson 40 1 2 2
Last Minutes Offensive
Center Left Wing Right Wing Defense Defense
Eric Staal Alexander Semin David Backes Erik Johnson Sami Vatanen
Last Minutes Defensive
Center Left Wing Right Wing Defense Defense
Eric Staal Alexander Semin David Backes Erik Johnson Sami Vatanen
Goaltenders
Starting : Henrik Lundqvist
Backup : Christopher Gibson
Extra Forwards
Normal : Alexander Semin, Bryan Rust, Colin Wilson - PP : Tanner Pearson, Colin Wilson - PK : Alexander Semin
Extra Defensemen
Normal : Esa Lindell, Christian Folin, Brendan Mikkelson - PP : Esa Lindell - PK : Christian Folin, Brendan Mikkelson
Penalty Shots
Eric Staal, Alexander Semin, Tanner Pearson, Patrik Berglund, David Backes
Scratches
David Savard (Healthy), Tyler Shattock (Healthy), Vladimir Sobotka (Healthy)
% Time on Ice - Flyers
Lines # - Real PCT - Wanted PCT - Time Play
Normal Forward
1 - 37% - 40% - 16:35
2 - 29% - 30% - 12:48
3 - 21% - 20% - 9:26
4 - 13% - 10% - 5:47
Normal Defense
1 - 42% - 40% - 18:31
2 - 31% - 30% - 13:55
3 - 22% - 20% - 9:58
4 - 5% - 10% - 2:12
PP Forward
1 - 56% - 60% - 4:12
2 - 44% - 40% - 3:16
PP Defense
1 - 49% - 60% - 3:41
2 - 51% - 40% - 3:47
PK Forward
1 - 80% - 60% - 6:12
2 - 20% - 40% - 1:32
PK Defense
1 - 63% - 60% - 4:50
2 - 38% - 40% - 2:54
PK3 Forward
1 - 0% - 60%
2 - 0% - 40%
PK3 Defense
1 - 0% - 60%
2 - 0% - 40%
44 Forward
1 - 100% - 60% - 0:12
2 - 0% - 40% - 0:00
44 Defense
1 - 100% - 60% - 0:12
2 - 0% - 40% - 0:00
Last Minute Offensive - 0:00
Last Minute Defensive - 0:00
Total
Forward - 60:00
Defense - 60:00
|
% Time on Ice - Flames
Lines # - Real PCT - Wanted PCT - Time Play
Normal Forward
1 - 37% - 40% - 16:18
2 - 29% - 30% - 12:52
3 - 18% - 20% - 8:00
4 - 17% - 10% - 7:26
Normal Defense
1 - 41% - 40% - 18:14
2 - 33% - 31% - 14:56
3 - 24% - 22% - 10:33
4 - 2% - 7% - 0:53
PP Forward
1 - 57% - 60% - 4:23
2 - 43% - 40% - 3:21
PP Defense
1 - 61% - 60% - 4:42
2 - 39% - 40% - 3:02
PK Forward
1 - 68% - 60% - 5:05
2 - 32% - 40% - 2:23
PK Defense
1 - 59% - 60% - 4:23
2 - 41% - 40% - 3:05
PK3 Forward
1 - 0% - 60%
2 - 0% - 40%
PK3 Defense
1 - 0% - 60%
2 - 0% - 40%
44 Forward
1 - 100% - 60% - 0:12
2 - 0% - 40% - 0:00
44 Defense
1 - 100% - 60% - 0:12
2 - 0% - 40% - 0:00
Last Minute Offensive - 0:00
Last Minute Defensive - 0:00
Total
Forward - 60:00
Defense - 60:00
|
Play-by-Play
1st period
0:01 of 1st period - Jordan Nolan wins face-off versus Eric Staal in neutral zone.
0:34 of 1st period - Snap shot by Jeff Carter.
0:34 of 1st period - Shot Misses the Net.
0:36 of 1st period - Snap shot by Drew Miller.
0:36 of 1st period - Deflect By Niclas Bergfors.
0:36 of 1st period - Goal by Niclas Bergfors - Flyers : 1 - Flames : 0.
0:37 of 1st period - Colin Wilson wins face-off versus Travis Zajac in neutral zone.
0:46 of 1st period - Wrist shot by Colin Wilson.
0:46 of 1st period - Shot Misses the Net.
0:50 of 1st period - Snap shot by Tanner Pearson.
0:50 of 1st period - Stopped by Steve Mason with a rebound.
1:36 of 1st period - Colby Robak is hit by J.T. Miller and loses puck.
2:18 of 1st period - Off-side.
2:19 of 1st period - Eric Staal wins face-off versus Jordan Nolan in neutral zone.
2:46 of 1st period - Brendan Mikkelson is hit by Drew Miller and loses puck.
3:18 of 1st period - Off-side.
3:19 of 1st period - Jordan Nolan wins face-off versus Eric Staal in neutral zone.
3:32 of 1st period - Wrist shot by Alexander Semin.
3:32 of 1st period - Stopped by Steve Mason without a rebound.
3:33 of 1st period - Patrik Berglund wins face-off versus Jordan Nolan in Flyers zone.
3:42 of 1st period - Slapshot by J.T. Miller.
3:42 of 1st period - Shot Misses the Net.
3:44 of 1st period - Wrist shot by J.T. Miller.
3:44 of 1st period - Shot Blocked by Erik Johnson.
3:46 of 1st period - Wrist shot by Jordan Nolan.
3:46 of 1st period - Shot Misses the Net.
4:25 of 1st period - Icing by Colby Robak.
4:26 of 1st period - Colin Wilson wins face-off versus Matthew Lombardi in Flames zone.
5:02 of 1st period - Snap shot by Alexander Semin.
5:02 of 1st period - Shot Blocked by J.T. Miller.
5:04 of 1st period - Snap shot by David Backes.
5:04 of 1st period - Stopped by Steve Mason without a rebound.
5:05 of 1st period - Patrik Berglund wins face-off versus Travis Zajac in Flyers zone.
5:06 of 1st period - Wrist shot by Brad Marchand.
5:06 of 1st period - Shot Blocked by Jeff Woywitka.
5:16 of 1st period - Wrist shot by Patrik Berglund.
5:16 of 1st period - Stopped by Steve Mason with a rebound.
5:18 of 1st period - Slapshot by Erik Johnson.
5:18 of 1st period - Shot Blocked by Jeff Woywitka.
5:20 of 1st period - Snap shot by Patrik Berglund.
5:20 of 1st period - Shot Misses the Net.
5:35 of 1st period - Slapshot by Eric Staal.
5:35 of 1st period - Shot Misses the Net.
5:59 of 1st period - Snap shot by Jeff Carter.
5:59 of 1st period - Stopped by Henrik Lundqvist with a rebound.
6:30 of 1st period - Erik Johnson is hit by Travis Zajac and loses puck.
8:11 of 1st period - Wrist shot by Patrik Berglund.
8:11 of 1st period - Shot Misses the Net.
9:20 of 1st period - Sami Vatanen is hit by Jeff Carter and loses puck.
9:34 of 1st period - Off-side.
9:35 of 1st period - Jordan Nolan wins face-off versus Patrik Berglund in neutral zone.
9:42 of 1st period - Brendan Mikkelson is hit by Jordan Nolan and loses puck.
10:32 of 1st period - Snap shot by Travis Zajac.
10:32 of 1st period - Stopped by Henrik Lundqvist with a rebound.
10:34 of 1st period - Snap shot by Jacob Trouba.
10:34 of 1st period - Stopped by Henrik Lundqvist without a rebound.
10:35 of 1st period - Jordan Nolan wins face-off versus Eric Staal in Flames zone.
11:07 of 1st period - Minor Penalty to Christian Folin for Hooking.
11:08 of 1st period - Patrik Berglund wins face-off versus Jordan Nolan in Flames zone.
12:39 of 1st period - Jakub Voracek is hit by Brad Marchand and loses puck.
13:00 of 1st period - Snap shot by Kyle Palmieri.
13:00 of 1st period - Stopped by Steve Mason without a rebound.
13:01 of 1st period - Jeff Carter wins face-off versus Eric Staal in Flyers zone.
13:07 of 1st period - Penalty to Christian Folin is over, Christian Folin is back on ice.
13:44 of 1st period - Brian Lashoff is hit by Bryan Rust and loses puck.
14:35 of 1st period - Brian Lashoff is hit by Patrik Berglund and loses puck.
14:57 of 1st period - Tanner Pearson is hit by Brock Nelson and loses puck.
16:10 of 1st period - Wrist shot by J.T. Miller.
16:10 of 1st period - Stopped by Henrik Lundqvist with a rebound.
16:12 of 1st period - Snap shot by Jordan Nolan.
16:12 of 1st period - Shot Misses the Net.
16:14 of 1st period - Snap shot by Jordan Nolan.
16:14 of 1st period - Shot Misses the Net.
17:18 of 1st period - Slapshot by Travis Zajac.
17:18 of 1st period - Deflect By Tanner Pearson.
17:18 of 1st period - Goal by Travis Zajac - Flyers : 2 - Flames : 0.
17:19 of 1st period - Jordan Nolan wins face-off versus Eric Staal in neutral zone.
17:21 of 1st period - Off-side.
17:22 of 1st period - Jordan Nolan wins face-off versus Eric Staal in neutral zone.
18:01 of 1st period - Snap shot by Niclas Bergfors.
18:01 of 1st period - Shot Misses the Net.
18:37 of 1st period - Snap shot by Matthew Lombardi.
18:37 of 1st period - Shot Misses the Net.
18:39 of 1st period - Slapshot by Jacob Trouba.
18:39 of 1st period - Deflect By Brock Nelson.
18:39 of 1st period - Shot Blocked by Christian Folin.
18:39 of 1st period - Puck is out of play.
18:40 of 1st period - Matthew Lombardi wins face-off versus Eric Staal in Flames zone.
18:46 of 1st period - Minor Penalty to Alexander Semin for Hooking.
18:47 of 1st period - J.T. Miller wins face-off versus Patrik Berglund in Flames zone.
18:55 of 1st period - Snap shot by Jakub Voracek.
18:55 of 1st period - Shot Blocked by Colby Robak.
18:57 of 1st period - Wrist shot by J.T. Miller.
18:57 of 1st period - Stopped by Henrik Lundqvist with a rebound.
18:59 of 1st period - Slapshot by Matt Smaby.
18:59 of 1st period - Goal by Matt Smaby - Flyers : 3 - Flames : 0.
19:00 of 1st period - Jordan Nolan wins face-off versus Eric Staal in neutral zone.
19:09 of 1st period - Wrist shot by Jordan Nolan.
19:09 of 1st period - Stopped by Henrik Lundqvist with a rebound.
19:32 of 1st period - Slapshot by Colby Robak.
19:32 of 1st period - Deflect By Jacob Trouba.
19:32 of 1st period - Stopped by Steve Mason with a rebound.
19:54 of 1st period - Snap shot by Travis Zajac.
19:54 of 1st period - Stopped by Henrik Lundqvist without a rebound.
19:55 of 1st period - Jakub Voracek wins face-off versus Eric Staal in Flames zone.
19:56 of 1st period - Snap shot by Jordan Nolan.
19:56 of 1st period - Stopped by Henrik Lundqvist with a rebound.
Goals for this period are 3 for Flyers vs 0 for Flames.
Shots for this period are 11 for Flyers vs 6 for Flames.
2nd period
0:01 of 2nd period - Jordan Nolan wins face-off versus Eric Staal in neutral zone.
0:08 of 2nd period - Snap shot by J.T. Miller.
0:08 of 2nd period - Deflect By Jakub Voracek.
0:08 of 2nd period - Shot Blocked by Sami Vatanen.
0:08 of 2nd period - Puck is out of play.
0:09 of 2nd period - Eric Staal wins face-off versus Jordan Nolan in Flames zone.
0:20 of 2nd period - Wrist shot by Eric Staal.
0:20 of 2nd period - Deflect By Alexander Semin.
0:20 of 2nd period - Shot Blocked by Jeff Woywitka.
0:20 of 2nd period - Puck is out of play.
0:21 of 2nd period - David Backes wins face-off versus Jordan Nolan in Flyers zone.
0:38 of 2nd period - Snap shot by Jordan Nolan.
0:38 of 2nd period - Shot Blocked by Eric Staal.
1:04 of 2nd period - Minor Penalty to Jeff Carter for Holding.
1:05 of 2nd period - Eric Staal wins face-off versus J.T. Miller in Flyers zone.
1:24 of 2nd period - Sami Vatanen is hit by Nathan Beaulieu and loses puck.
2:45 of 2nd period - Sami Vatanen is hit by Matthew Lombardi.
3:04 of 2nd period - Penalty to Jeff Carter is over, Jeff Carter is back on ice.
3:32 of 2nd period - Bryan Rust is hit by Marcus Kruger and loses puck.
3:39 of 2nd period - Wrist shot by Marcus Kruger.
3:39 of 2nd period - Shot Misses the Net.
4:18 of 2nd period - Brian Lashoff is hit by Tanner Pearson and loses puck.
4:35 of 2nd period - Snap shot by J.T. Miller.
4:35 of 2nd period - Stopped by Henrik Lundqvist without a rebound.
4:36 of 2nd period - Patrik Berglund wins face-off versus Matthew Lombardi in Flames zone.
4:51 of 2nd period - Slapshot by Brock Nelson.
4:51 of 2nd period - Shot Blocked by Kyle Palmieri.
6:07 of 2nd period - Snap shot by Drew Miller.
6:07 of 2nd period - Shot Misses the Net.
6:09 of 2nd period - Wrist shot by Niclas Bergfors.
6:09 of 2nd period - Stopped by Henrik Lundqvist with a rebound.
6:20 of 2nd period - Off-side.
6:21 of 2nd period - Matthew Lombardi wins face-off versus Eric Staal in neutral zone.
6:23 of 2nd period - Jacob Trouba is hit by Colby Robak and loses puck.
6:55 of 2nd period - Icing by Colby Robak.
6:56 of 2nd period - Patrik Berglund wins face-off versus J.T. Miller in Flames zone.
7:19 of 2nd period - Wrist shot by Jimmy Hayes.
7:19 of 2nd period - Stopped by Steve Mason with a rebound.
7:21 of 2nd period - Snap shot by Brad Marchand.
7:21 of 2nd period - Stopped by Steve Mason with a rebound.
7:23 of 2nd period - Snap shot by Brad Marchand.
7:23 of 2nd period - Stopped by Steve Mason with a rebound.
7:25 of 2nd period - Slapshot by Colby Robak.
7:25 of 2nd period - Shot Blocked by Brian Lashoff.
7:27 of 2nd period - Slapshot by Jimmy Hayes.
7:27 of 2nd period - Stopped by Steve Mason without a rebound.
7:28 of 2nd period - Niclas Bergfors wins face-off versus Eric Staal in Flyers zone.
7:38 of 2nd period - Alexander Semin is hit by Drew Miller.
8:40 of 2nd period - Wrist shot by Jeff Carter.
8:40 of 2nd period - Shot Blocked by Kyle Palmieri.
8:42 of 2nd period - Slapshot by Jonathan Ericsson.
8:42 of 2nd period - Shot Hit the Post.
9:41 of 2nd period - Slapshot by Brock Nelson.
9:41 of 2nd period - Stopped by Henrik Lundqvist without a rebound.
9:42 of 2nd period - Brock Nelson wins face-off versus Eric Staal in Flames zone.
10:25 of 2nd period - Backhand shot by Alexander Semin.
10:25 of 2nd period - Deflect By Drew Miller.
10:25 of 2nd period - Shot Misses the Net.
10:25 of 2nd period - Puck is out of play.
10:26 of 2nd period - Jordan Nolan wins face-off versus Jimmy Hayes in Flyers zone.
10:53 of 2nd period - David Ullstrom is hit by Jeff Carter and loses puck.
11:02 of 2nd period - Niclas Bergfors is hit by Anders Lee and loses puck.
11:15 of 2nd period - Tanner Pearson is hit by Marcus Kruger.
11:35 of 2nd period - Snap shot by Jimmy Hayes.
11:35 of 2nd period - Shot Misses the Net.
11:37 of 2nd period - Slapshot by Colby Robak.
11:37 of 2nd period - Stopped by Steve Mason with a rebound.
11:39 of 2nd period - Slapshot by Colby Robak.
11:39 of 2nd period - Shot Misses the Net.
12:00 of 2nd period - J.T. Miller is hit by Alexander Semin and loses puck.
12:37 of 2nd period - Slapshot by Colin Wilson.
12:37 of 2nd period - Shot Misses the Net.
12:39 of 2nd period - Snap shot by Bryan Rust.
12:39 of 2nd period - Shot Misses the Net.
12:41 of 2nd period - Slapshot by Erik Johnson.
12:41 of 2nd period - Shot Misses the Net.
12:43 of 2nd period - Slapshot by Sami Vatanen.
12:43 of 2nd period - Deflect By Tanner Pearson.
12:43 of 2nd period - Stopped by Steve Mason without a rebound.
12:44 of 2nd period - Jordan Nolan wins face-off versus Eric Staal in Flyers zone.
12:44 of 2nd period - Jordan Nolan is hit by Alexander Semin.
13:37 of 2nd period - Slapshot by Marcus Kruger.
13:37 of 2nd period - Shot Misses the Net.
13:39 of 2nd period - Snap shot by Marcus Kruger.
13:39 of 2nd period - Shot Misses the Net.
13:59 of 2nd period - Wrist shot by Kyle Palmieri.
13:59 of 2nd period - Stopped by Steve Mason without a rebound.
14:00 of 2nd period - Eric Staal wins face-off versus Jordan Nolan in Flyers zone.
14:27 of 2nd period - Brad Marchand is hit by Drew Miller and loses puck.
14:32 of 2nd period - Slapshot by Drew Miller.
14:32 of 2nd period - Stopped by Henrik Lundqvist with a rebound.
14:34 of 2nd period - Slapshot by Nathan Beaulieu.
14:34 of 2nd period - Stopped by Henrik Lundqvist without a rebound.
14:35 of 2nd period - Jeff Carter wins face-off versus Brad Marchand in Flames zone.
14:38 of 2nd period - Snap shot by Niclas Bergfors.
14:38 of 2nd period - Shot Misses the Net.
14:40 of 2nd period - Wrist shot by Drew Miller.
14:40 of 2nd period - Stopped by Henrik Lundqvist without a rebound.
14:41 of 2nd period - Niclas Bergfors wins face-off versus Patrik Berglund in Flames zone.
14:48 of 2nd period - Wrist shot by Drew Miller.
14:48 of 2nd period - Stopped by Henrik Lundqvist without a rebound.
14:49 of 2nd period - Jordan Nolan wins face-off versus Eric Staal in Flames zone.
14:53 of 2nd period - Minor Penalty to Erik Johnson for Elbowing.
14:54 of 2nd period - Jordan Nolan wins face-off versus Patrik Berglund in Flames zone.
14:54 of 2nd period - Snap shot by Jakub Voracek.
14:54 of 2nd period - Shot Misses the Net.
14:56 of 2nd period - Wrist shot by Jordan Nolan.
14:56 of 2nd period - Stopped by Henrik Lundqvist with a rebound.
14:58 of 2nd period - Wrist shot by Jakub Voracek.
14:58 of 2nd period - Stopped by Henrik Lundqvist without a rebound.
14:59 of 2nd period - Jordan Nolan wins face-off versus Patrik Berglund in Flames zone.
15:28 of 2nd period - Slapshot by Jeff Carter.
15:28 of 2nd period - Shot Blocked by Bryan Rust.
16:23 of 2nd period - Snap shot by Niclas Bergfors.
16:23 of 2nd period - Goal by Niclas Bergfors - Flyers : 4 - Flames : 0.
16:24 of 2nd period - Jordan Nolan wins face-off versus Eric Staal in neutral zone.
16:38 of 2nd period - Minor Penalty to Eric Staal for Goalie Interference.
16:39 of 2nd period - Jordan Nolan wins face-off versus Patrik Berglund in Flames zone.
18:35 of 2nd period - Snap shot by J.T. Miller.
18:35 of 2nd period - Stopped by Henrik Lundqvist without a rebound.
18:36 of 2nd period - Patrik Berglund wins face-off versus Jeff Carter in Flames zone.
18:38 of 2nd period - Penalty to Eric Staal is over, Eric Staal is back on ice.
18:54 of 2nd period - Icing by Niclas Bergfors.
18:55 of 2nd period - Patrik Berglund wins face-off versus Jeff Carter in Flyers zone.
19:06 of 2nd period - Patrik Berglund is hit by Jeff Carter.
19:29 of 2nd period - Wrist shot by Travis Zajac.
19:29 of 2nd period - Goal by Travis Zajac - Flyers : 5 - Flames : 0.
19:29 of 2nd period - Christopher Gibson enters game.
19:30 of 2nd period - Jeff Carter wins face-off versus Eric Staal in neutral zone.
19:39 of 2nd period - Snap shot by Drew Miller.
19:39 of 2nd period - Shot Misses the Net.
Goals for this period are 2 for Flyers vs 0 for Flames.
Shots for this period are 12 for Flyers vs 7 for Flames.
3rd period
0:01 of 3rd period - Eric Staal wins face-off versus Jordan Nolan in neutral zone.
0:14 of 3rd period - Wrist shot by Eric Staal.
0:14 of 3rd period - Stopped by Steve Mason with a rebound.
0:57 of 3rd period - Slapshot by Niclas Bergfors.
0:57 of 3rd period - Deflect By Drew Miller.
0:57 of 3rd period - Stopped by Christopher Gibson without a rebound.
0:58 of 3rd period - Eric Staal wins face-off versus Jeff Carter in Flames zone.
1:05 of 3rd period - Backhand shot by Esa Lindell.
1:05 of 3rd period - Shot Blocked by Drew Miller.
1:15 of 3rd period - Wrist shot by Drew Miller.
1:15 of 3rd period - Shot Misses the Net.
1:17 of 3rd period - Slapshot by Nathan Beaulieu.
1:17 of 3rd period - Shot Misses the Net.
1:19 of 3rd period - Slapshot by Matt Smaby.
1:19 of 3rd period - Shot Hit the Post.
1:21 of 3rd period - Slapshot by Matt Smaby.
1:21 of 3rd period - Shot Blocked by David Backes.
1:23 of 3rd period - Snap shot by Drew Miller.
1:23 of 3rd period - Deflect By Jeff Carter.
1:23 of 3rd period - Deflect By David Backes.
1:23 of 3rd period - Shot Misses the Net.
1:23 of 3rd period - Puck is out of play.
1:24 of 3rd period - Patrik Berglund wins face-off versus Jordan Nolan in Flames zone.
1:29 of 3rd period - Slapshot by Jimmy Hayes.
1:29 of 3rd period - Shot Blocked by Jonathan Ericsson.
1:31 of 3rd period - Slapshot by Erik Johnson.
1:31 of 3rd period - Stopped by Steve Mason without a rebound.
1:32 of 3rd period - Patrik Berglund wins face-off versus Jordan Nolan in Flyers zone.
1:59 of 3rd period - Icing by Eric Staal.
2:00 of 3rd period - Eric Staal wins face-off versus Niclas Bergfors in Flames zone.
2:13 of 3rd period - Snap shot by Eric Staal.
2:13 of 3rd period - Stopped by Steve Mason with a rebound.
2:15 of 3rd period - Wrist shot by David Backes.
2:15 of 3rd period - Stopped by Steve Mason with a rebound.
2:17 of 3rd period - Snap shot by Esa Lindell.
2:17 of 3rd period - Goal by Esa Lindell - Flyers : 5 - Flames : 1.
2:18 of 3rd period - Jordan Nolan wins face-off versus Eric Staal in neutral zone.
2:21 of 3rd period - Snap shot by Jacob Trouba.
2:21 of 3rd period - Deflect By J.T. Miller.
2:21 of 3rd period - Shot Misses the Net.
2:21 of 3rd period - Puck is out of play.
2:22 of 3rd period - Jordan Nolan wins face-off versus Eric Staal in Flames zone.
2:23 of 3rd period - Backhand shot by Jakub Voracek.
2:23 of 3rd period - Shot Misses the Net.
2:35 of 3rd period - Wrist shot by Jakub Voracek.
2:35 of 3rd period - Shot Blocked by Erik Johnson.
2:37 of 3rd period - Snap shot by Jacob Trouba.
2:37 of 3rd period - Shot Misses the Net.
2:39 of 3rd period - Slapshot by Jacob Trouba.
2:39 of 3rd period - Stopped by Christopher Gibson without a rebound.
2:40 of 3rd period - Jeff Carter wins face-off versus Patrik Berglund in Flames zone.
2:51 of 3rd period - Snap shot by Jeff Carter.
2:51 of 3rd period - Stopped by Christopher Gibson without a rebound.
2:52 of 3rd period - Jordan Nolan wins face-off versus Eric Staal in Flames zone.
2:54 of 3rd period - Jordan Nolan beats up Eric Staal.
2:54 of 3rd period - Penalty to Eric Staal for Fighting.
2:54 of 3rd period - Penalty to Jordan Nolan for Fighting.
2:55 of 3rd period - Bryan Rust wins face-off versus Travis Zajac in Flames zone.
3:04 of 3rd period - Snap shot by Jakub Voracek.
3:04 of 3rd period - Stopped by Christopher Gibson without a rebound.
3:05 of 3rd period - David Backes wins face-off versus Travis Zajac in Flames zone.
3:17 of 3rd period - Wrist shot by Alexander Semin.
3:17 of 3rd period - Stopped by Steve Mason with a rebound.
3:53 of 3rd period - Wrist shot by Jakub Voracek.
3:53 of 3rd period - Goal by Jakub Voracek - Flyers : 6 - Flames : 1.
3:54 of 3rd period - Jeff Carter wins face-off versus Brad Marchand in neutral zone.
3:54 of 3rd period - Jeff Carter is hit by Jimmy Hayes.
4:02 of 3rd period - Slapshot by Niclas Bergfors.
4:02 of 3rd period - Shot Misses the Net.
4:04 of 3rd period - Slapshot by Nathan Beaulieu.
4:04 of 3rd period - Deflect By Patrik Berglund.
4:04 of 3rd period - Stopped by Christopher Gibson without a rebound.
4:05 of 3rd period - Travis Zajac wins face-off versus Bryan Rust in Flames zone.
4:14 of 3rd period - Slapshot by Esa Lindell.
4:14 of 3rd period - Stopped by Steve Mason without a rebound.
4:15 of 3rd period - Bryan Rust wins face-off versus Travis Zajac in Flyers zone.
4:20 of 3rd period - Snap shot by David Backes.
4:20 of 3rd period - Shot Misses the Net.
4:22 of 3rd period - Slapshot by Esa Lindell.
4:22 of 3rd period - Deflect By David Backes.
4:22 of 3rd period - Goal by David Backes - Flyers : 6 - Flames : 2.
4:23 of 3rd period - Bryan Rust wins face-off versus Travis Zajac in neutral zone.
4:31 of 3rd period - Minor Penalty to Jeff Woywitka for Roughing.
4:32 of 3rd period - Tanner Pearson wins face-off versus J.T. Miller in Flyers zone.
6:31 of 3rd period - Penalty to Jeff Woywitka is over, Jeff Woywitka is back on ice.
7:59 of 3rd period - Sami Vatanen is hit by Jakub Voracek and loses puck.
8:07 of 3rd period - Icing by Bryan Rust.
8:08 of 3rd period - Colin Wilson wins face-off versus Travis Zajac in Flames zone.
8:15 of 3rd period - Marcus Kruger is hit by Sami Vatanen and loses puck.
8:22 of 3rd period - Slapshot by Erik Johnson.
8:22 of 3rd period - Shot Misses the Net.
8:24 of 3rd period - Slapshot by Sami Vatanen.
8:24 of 3rd period - Stopped by Steve Mason without a rebound.
8:25 of 3rd period - Eric Staal wins face-off versus Jeff Carter in Flyers zone.
8:38 of 3rd period - Eric Staal is hit by Jeff Carter and loses puck.
9:08 of 3rd period - Jonathan Ericsson is hit by Brad Marchand and loses puck.
10:12 of 3rd period - Snap shot by Brock Nelson.
10:12 of 3rd period - Shot Misses the Net.
10:24 of 3rd period - Jimmy Hayes is hit by Jordan Nolan and loses puck.
10:29 of 3rd period - Snap shot by Jordan Nolan.
10:29 of 3rd period - Stopped by Christopher Gibson with a rebound.
10:31 of 3rd period - Slapshot by Matt Smaby.
10:31 of 3rd period - Stopped by Christopher Gibson without a rebound.
10:32 of 3rd period - Jimmy Hayes wins face-off versus Jordan Nolan in Flames zone.
10:43 of 3rd period - Snap shot by Jakub Voracek.
10:43 of 3rd period - Shot Blocked by Brad Marchand.
10:45 of 3rd period - Snap shot by Matt Smaby.
10:45 of 3rd period - Deflect By Jakub Voracek.
10:45 of 3rd period - Stopped by Christopher Gibson without a rebound.
10:46 of 3rd period - Eric Staal wins face-off versus J.T. Miller in Flames zone.
11:12 of 3rd period - Icing by Patrik Berglund.
11:13 of 3rd period - Jeff Carter wins face-off versus Patrik Berglund in Flames zone.
11:20 of 3rd period - Snap shot by Drew Miller.
11:20 of 3rd period - Shot Blocked by Patrik Berglund.
11:22 of 3rd period - Minor Penalty to Jimmy Hayes for Tripping.
11:23 of 3rd period - Bryan Rust wins face-off versus Jordan Nolan in Flames zone.
11:54 of 3rd period - Snap shot by Jeff Woywitka.
11:54 of 3rd period - Shot Misses the Net.
12:08 of 3rd period - Snap shot by Kyle Palmieri.
12:08 of 3rd period - Deflect By Eric Staal.
12:08 of 3rd period - Stopped by Steve Mason with a rebound.
12:10 of 3rd period - Wrist shot by Kyle Palmieri.
12:10 of 3rd period - Stopped by Steve Mason without a rebound.
12:11 of 3rd period - Patrik Berglund wins face-off versus Jordan Nolan in Flyers zone.
12:12 of 3rd period - Wrist shot by Christian Folin.
12:12 of 3rd period - Shot Blocked by J.T. Miller.
13:09 of 3rd period - Minor Penalty to Jacob Trouba for Hooking.
13:10 of 3rd period - J.T. Miller wins face-off versus Alexander Semin in Flyers zone.
13:22 of 3rd period - Penalty to Jimmy Hayes is over, Jimmy Hayes is back on ice.
13:35 of 3rd period - Off-side.
13:36 of 3rd period - Eric Staal wins face-off versus J.T. Miller in neutral zone.
13:39 of 3rd period - Jeff Woywitka is hit by Alexander Semin and loses puck.
14:00 of 3rd period - Slapshot by Patrik Berglund.
14:00 of 3rd period - Stopped by Steve Mason with a rebound.
14:36 of 3rd period - Nathan Beaulieu is hit by Tanner Pearson and loses puck.
15:09 of 3rd period - Penalty to Jacob Trouba is over, Jacob Trouba is back on ice.
15:40 of 3rd period - Snap shot by Tanner Pearson.
15:40 of 3rd period - Shot Misses the Net.
15:52 of 3rd period - Snap shot by Jordan Nolan.
15:52 of 3rd period - Stopped by Christopher Gibson without a rebound.
15:53 of 3rd period - Travis Zajac wins face-off versus Patrik Berglund in Flames zone.
15:54 of 3rd period - Snap shot by Marcus Kruger.
15:54 of 3rd period - Stopped by Christopher Gibson without a rebound.
15:55 of 3rd period - Travis Zajac wins face-off versus Patrik Berglund in Flames zone.
16:07 of 3rd period - Minor Penalty to Chris Mcallister for Unsportsmanlike conduct.
16:08 of 3rd period - Eric Staal wins face-off versus J.T. Miller in Flyers zone.
16:34 of 3rd period - Jeff Carter is hit by David Backes and loses puck.
17:48 of 3rd period - David Backes is hit by Jeff Carter and loses puck.
18:07 of 3rd period - Penalty to Chris Mcallister is over, Chris Mcallister is back on ice.
18:17 of 3rd period - Snap shot by Anders Lee.
18:17 of 3rd period - Shot Blocked by Brock Nelson.
18:19 of 3rd period - Slapshot by David Ullstrom.
18:19 of 3rd period - Stopped by Steve Mason with a rebound.
18:21 of 3rd period - Slapshot by Christian Folin.
18:21 of 3rd period - Deflect By Anders Lee.
18:21 of 3rd period - Shot Misses the Net.
18:21 of 3rd period - Puck is out of play.
18:22 of 3rd period - David Ullstrom wins face-off versus Travis Zajac in Flyers zone.
18:33 of 3rd period - Snap shot by Kyle Palmieri.
18:33 of 3rd period - Stopped by Steve Mason with a rebound.
19:01 of 3rd period - Snap shot by Kyle Palmieri.
19:01 of 3rd period - Stopped by Steve Mason without a rebound.
19:02 of 3rd period - Eric Staal wins face-off versus Jeff Carter in Flyers zone.
19:03 of 3rd period - Snap shot by David Backes.
19:03 of 3rd period - Stopped by Steve Mason with a rebound.
19:31 of 3rd period - Wrist shot by Jimmy Hayes.
19:31 of 3rd period - Stopped by Steve Mason without a rebound.
19:32 of 3rd period - Travis Zajac wins face-off versus Patrik Berglund in Flyers zone.
19:57 of 3rd period - Chris Mcallister is hit by Esa Lindell and loses puck.
Goals for this period are 1 for Flyers vs 2 for Flames.
Shots for this period are 11 for Flyers vs 17 for Flames.
Output by the SimonT Hockey Simulator (STHS) for Francois Prevost